 Dungeon Crawl Stone Soup version 0.22.0-38-g04b72b8 (webtiles) character file.

8169 poirepourri the Nimble (level 11, -2/96 HPs)
             Began as a Deep Dwarf Fighter on Aug 29, 2018.
             Was a Follower of Makhleb.
             Succumbed to a soldier ant's poison
             ... on level 2 of the Lair of Beasts.
             The game lasted 00:08:11 (7135 turns).

poirepourri the Nimble (Deep Dwarf Fighter)         Turns: 7135, Time: 00:08:12

Health: -2/96      AC: 13    Str: 21    XL:     11   Next: 6%
Magic:  4/4        EV: 22    Int:  8    God:    Makhleb [*.....]
Gold:   540        SH: 13    Dex: 20    Spells: 10/10 levels left

rFire    . . .     SeeInvis .   a - +1 war axe
rCold    . . .     Gourm    .   c - +2 shield
rNeg     . . .     Faith    .   b - +0 scale mail
rPois    .         Spirit   .   t - +1 helmet
rElec    .         Reflect  .   v - scarf {cloud immunity}
rCorr    .         Harm     .   e - +0 pair of gloves
MR       +....                  o - +0 pair of boots
Stlth    ++........             (no amulet)
HPRegen  0.00/turn              x - ring of stealth
MPRegen  0.09/turn              (no ring)

@: agile, lethally poisoned (-2 -> -9), non-regenerating
A: damage resistance, heal wounds, sense surroundings 2, no regeneration
a: Heal Wounds, Renounce Religion


You were on level 2 of the Lair of Beasts.
You worshipped Makhleb.
Makhleb was aware of your devotion.
You were full.

You visited 3 branches of the dungeon, and saw 13 of its levels.

You collected 579 gold pieces.
You spent 39 gold pieces at shops.

Inventory:

Hand Weapons
 a - a +1 war axe (weapon)
Missiles
 h - 8 tomahawks
 w - 3 tomahawks of returning (quivered)
Armour
 b - a +0 scale mail (worn)
 c - a +2 shield (worn)
 e - a +0 pair of gloves (worn)
 o - a +0 pair of boots (worn)
 t - a +1 helmet (worn)
 v - a scarf of cloud immunity (worn)
Jewellery
 x - a ring of stealth (left hand)
Wands
 y - a wand of disintegration (3)
 z - a wand of flame (9)
Scrolls
 i - 2 scrolls of magic mapping
 l - 7 scrolls of teleportation
 n - 4 scrolls of remove curse
 p - 2 scrolls of fear
 q - a scroll of blinking
 A - a scroll of identify
 C - a scroll of enchant armour
Potions
 d - 3 potions of cancellation
 j - 2 potions of mutation
 k - 2 potions of magic
 r - 3 potions of brilliance
 u - a potion of flight
 B - a potion of resistance
Comestibles
 f - 10 rations


   Skills:
 - Level 5.4 Fighting
 - Level 9.1 Axes
 + Level 9.7 Armour
 - Level 10.9 Dodging
 - Level 7.1 Shields


You had 10 spell levels left.
You didn't know any spells.
Your spell library contained the following spells:

 Spells                   Type           Power        Failure   Level  Hunger
 Animate Skeleton         Necr           N/A          95%         1    ##.....
 Freeze                   Ice            #...         95%         1    ##.....
 Pain                     Necr           #...         95%         1    ##.....
 Throw Frost              Conj/Ice       #.....       99%         2    ###....
 Ozocubu's Armour         Chrm/Ice       #.......     100%        3    ####...
 Vampiric Draining        Necr           #.........   100%        3    ####...
 Animate Dead             Necr           N/A          100%        4    #####..
 Summon Ice Beast         Ice/Summ       #.......     100%        4    #####..
 Throw Icicle             Conj/Ice       #.......     100%        4    #####..
 Regeneration             Chrm/Necr      Unusable     N/A         3    N/A

Dungeon Overview and Level Annotations

Branches:
Dungeon (10/15)            Temple (1/1) D:6            Lair (2/6) D:8
  Swamp: Lair:2-4    Shoals: Lair:2-4     Snake: Lair:2-4    Spider: Lair:2-4
    Orc: D:9-12

Altars:
Ashenzari
Cheibriados
Dithmenos
Elyvilon
Fedhas
Gozag
Hepliaklqana
Kikubaaqudgha
Makhleb
Nemelex Xobeh
Okawaru
Qazlal
Ru
Sif Muna
Trog
Uskayaw
Vehumet
Wu Jian
Xom
Yredelemnul
Zin
The Shining One

Shops:
D:4 !((

Portals:
Sewer: D:4

Annotations:
D:10 Joseph
Lair:2 3 runed doors, Zoacau Tepro's ghost, journeyman TrMo


Innate Abilities, Weirdness & Mutations

You are resistant to damage.
You can heal yourself by infusing magical energy.
You passively map the area around you.
You do not regenerate.


Message History

The soldier ant barely misses you.
You slash the soldier ant!
The soldier ant is severely wounded.
* * * LOW HITPOINT WARNING * * *
You feel very sick. You block the soldier ant's attack.
You slash the soldier ant!
The soldier ant is almost dead.
* * * LOW HITPOINT WARNING * * *
You feel very sick. You block the soldier ant's attack.
You slash the soldier ant!
You kill the soldier ant!
Makhleb accepts your kill.
* * * LOW HITPOINT WARNING * * *
You feel sick.
The soldier ant waves its antennae.
You barely miss the worker ant.
The worker ant is heavily wounded.
You die... ...# aa.a*

.# , #..# , ..a,
*.# ##..a * aa
#.## #...# ##a, *
...##, *
#.[###a#####.....
,
#...#.##.#...####,
,,
#................,
, ##.a###P..#####.
* #aaa@...## * * ,
#..#####..# , ,
#### #..## * #...#
* . ##†### * ,##.
#.#.# * .#..
##..## .... #P.###
, #.# ##...#
,......


You could see a soldier ant and 3 worker ants.

Vanquished Creatures
  Harold (D:7)
  A queen ant (Lair:2)
  A black mamba (Lair:1)
  3 spiny frogs (Lair:2)
  Prince Ribbit (D:7)
  A troll (D:9)
  2 hippogriffs (Lair:1)
  2 wyverns
  6 yaks
  2 hungry ghosts
  Edmund (D:6)
  2 wargs (D:8)
  5 soldier ants (Lair:2)
  Duvessa (D:5)
  2 water moccasins
  2 ice beasts
  A sky beast (D:8)
  An orc warrior (D:8)
  2 necrophages
  3 ogres
  2 centaurs
  3 crocodiles
  2 bullfrogs
  Dowan (D:5)
  4 wights (D:6)
  6 howler monkeys
  A crimson imp (D:6)
  A bullfrog skeleton (D:5)
  3 jellies
  2 orc priests (D:8)
  2 orc wizards
  3 iguanas
  4 worker ants
  A worker ant zombie (D:6)
  A howler monkey skeleton (D:6)
  4 adders
  2 shadow imps (D:8)
  2 oozes
  2 adder skeletons (D:5)
  3 worms
  3 dart slugs
  7 leopard geckos
  11 orcs
  3 ball pythons
  9 giant cockroaches
  8 goblins
  7 hobgoblins
  3 jackals
  6 quokkas
  7 bats
  4 frilled lizards
  6 kobolds
  10 rats
  A spectral orc (D:6)
174 creatures vanquished.

Vanquished Creatures (others)
  A plant (Lair:2)
1 creature vanquished.

Grand Total: 175 creatures vanquished

Notes
Turn   | Place    | Note
-------+----------+-------------------------------------------
     0 | D:1      | poirepourri the Deep Dwarf Fighter began the quest for the Orb.
     0 | D:1      | Reached XP level 1. HP: 20/20 MP: 1/1
   120 | D:1      | Reached XP level 2. HP: 24/27 MP: 2/2
   749 | D:2      | Reached XP level 3. HP: 23/33 MP: 3/3
  1016 | D:2      | Reached XP level 4. HP: 34/40 MP: 4/4
  1246 | D:3      | Reached skill level 5 in Axes
  1927 | D:4      | Found Xeippat's Weapon Shoppe.
  2023 | D:4      | Reached XP level 5. HP: 40/46 MP: 5/5
  2068 | D:4      | Found Keschezirch's Distillery.
  2076 | D:4      | Bought a potion of curing for 39 gold pieces
  2160 | D:4      | Found Nugaedif's Antique Weapon Shoppe.
  2328 | D:4      | Found a glowing drain.
  2540 | D:5      | Entered Level 5 of the Dungeon
  2594 | D:5      | Noticed Duvessa
  2594 | D:5      | Noticed Dowan
  2615 | D:5      | Killed Dowan
  2617 | D:5      | Killed Duvessa
  2617 | D:5      | Reached XP level 6. HP: 35/55 MP: 6/6
  2717 | D:5      | Noticed an ice beast
  2737 | D:5      | Killed an ice beast
  2815 | D:5      | Reached XP level 7. HP: 38/64 MP: 7/7
  3634 | D:6      | Found a basalt altar of Yredelemnul.
  3732 | D:6      | Reached skill level 5 in Fighting
  3788 | D:6      | Noticed Edmund
  3808 | D:6      | Killed Edmund
  3943 | D:6      | Reached skill level 5 in Shields
  3957 | D:6      | Reached XP level 8. HP: 32/75 MP: 8/8
  4162 | D:6      | Reached skill level 2 in Dodging
  4357 | D:6      | Found a staircase to the Ecumenical Temple.
  4423 | Temple   | Entered the Ecumenical Temple
  4451 | D:7      | Noticed Prince Ribbit
  4473 | D:7      | Killed Prince Ribbit
  4473 | D:7      | Reached skill level 4 in Dodging
  4571 | D:7      | Noticed Harold
  4580 | D:7      | Killed Harold
  4580 | D:7      | Reached skill level 7 in Dodging
  4580 | D:7      | Gained mutation: You passively map the area around you. [Deep Dwarf growth]
  4580 | D:7      | Reached XP level 9. HP: 16/81 MP: 6/6
  4687 | D:7      | Reached skill level 8 in Dodging
  4704 | D:7      | Reached skill level 9 in Dodging
  4925 | D:7      | Found a shattered altar of Ashenzari.
  5224 | D:8      | Found an ornate altar of the Wu Jian Council.
  5336 | D:8      | Reached skill level 10 in Dodging
  5585 | D:8      | Found a staircase to the Lair.
  5870 | D:9      | Reached XP level 10. HP: 42/88 MP: 6/6
  5943 | D:9      | Found a snail-covered altar of Cheibriados.
  5943 | D:9      | Found a stormy altar of Qazlal.
  5945 | D:9      | Found a burning altar of Makhleb.
  5955 | D:9      | Found a radiant altar of Vehumet.
  5956 | D:9      | Found a white marble altar of Elyvilon.
  5956 | D:9      | Found a hazy altar of Hepliaklqana.
  5961 | D:9      | Became a worshipper of Makhleb the Destroyer
  6214 | D:9      | Found a glowing silver altar of Zin.
  6224 | D:9      | Found a shadowy altar of Dithmenos.
  6335 | D:10     | Entered Level 10 of the Dungeon
  6336 | D:10     | Noticed Joseph
  6392 | Lair:1   | Entered Level 1 of the Lair of Beasts
  6457 | Lair:1   | Noticed a black mamba
  6467 | Lair:1   | Killed a black mamba
  6617 | Lair:1   | Reached skill level 5 in Armour
  6690 | Lair:1   | Noticed an eight-headed hydra
  6717 | Lair:1   | Noticed a spiny frog
  6749 | Lair:2   | Noticed a spiny frog
  6770 | Lair:2   | Killed a spiny frog
  6865 | Lair:2   | Found a runed gate.
  6866 | Lair:2   | Found a runed gate.
  6867 | Lair:2   | Noticed a spiny frog
  6886 | Lair:2   | Killed a spiny frog
  6892 | Lair:2   | Found a runed gate.
  6892 | Lair:2   | Noticed Zoacau Tepro's ghost (journeyman TrMo)
  6964 | Lair:2   | Noticed a spiny frog
  6974 | Lair:2   | Killed a spiny frog
  7063 | Lair:2   | Reached * piety under Makhleb
  7078 | Lair:2   | Noticed a queen ant
  7119 | Lair:2   | Killed a queen ant
  7119 | Lair:2   | Reached XP level 11. HP: 59/96 MP: 4/4
  7133 | Lair:2   | HP: 3/96 [poisoned by a soldier ant]
  7134 | Lair:2   | HP: 1/96 [poisoned by a soldier ant]
  7135 | Lair:2   | Succumbed to a soldier ant's poison

Skill      XL: |  1  2  3  4  5  6  7  8  9 10 |
---------------+-------------------------------+-----
Axes           | 3 4 5 7 9 |  9.1
Fighting       | 4 5 |  5.4
Shields        | 5 7 |  7.1
Dodging        | 7 10 | 10.9
Armour         | 9 |  9.7

Action                   |  1- 3 |  4- 6 |  7- 9 | 10-12 || total
-------------------------+-------+-------+-------+-------++-------
Melee: War axe           |    95 |   169 |   280 |   228 ||   772
 Abil: Heal Wounds       |     2 |     2 |    10 |    11 ||    25
Evoke: Wand              |       |       |    24 |     8 ||    32
  Use: Scroll            |     7 |     6 |     5 |     8 ||    26
       Potion            |       |     3 |    10 |     2 ||    15
  Eat: Ration            |       |     2 |     6 |     2 ||    10
       Chunk             |       |       |     1 |       ||     1
Armor: Scale mail        |    35 |    55 |    56 |    41 ||   187
       Skin              |       |       |    17 |       ||    17
Dodge: Dodged            |    31 |    37 |    89 |   108 ||   265
Block: Shield            |    51 |   105 |   169 |   134 ||   459
